 Dungeon Crawl Stone Soup version 0.31-a0-672-g7da72447bb (webtiles) character file.

Game seed: 17884526498284589621

65 Shayle the Changeling (level 4, 0/44 HPs)
             Began as an Ogre Shapeshifter on Sept 4, 2023.
             Slain by a gnoll bouda
             ... wielding a +0 whip
              (8 damage)
             ... on level 3 of the Dungeon.
             The game lasted 00:01:39 (1561 turns).

Shayle the Changeling (Ogre Shapeshifter)           Turns: 1561, Time: 00:01:40

Health: 0/44       AC:  3    Str: 18    XL:     4   Next: 13%
Magic:  4/4        EV: 10    Int: 13    God:
Gold:   55         SH:  0    Dex:  8    Spells: 3/3 levels left

rFire   . . .        j - +2 sling (freeze)
rCold   . . .        (no shield)
rNeg    . . .        a - +0 animal skin
rPois   .            (helmet currently unavailable)
rElec   .            (cloak currently unavailable)
rCorr   .            (gloves unavailable)
SInv    .            (boots unavailable)
Will    .....        (no amulet)
Stlth   +            (no ring)
HPRegen 0.27/turn    (no ring)
MPRegen 0.09/turn

%: no passive effects
@: beast-form
A: beast (slay +1), large, unfitting armour, tough skin 1
a: Begin Untransformation


You were on level 3 of the Dungeon.
You were a hulking beast.
You visited 1 branch of the dungeon, and saw 3 of its levels.

You collected 55 gold pieces.

Inventory:

Hand Weapons
 j - a +2 sling of freezing (weapon)
Armour
 a - a +0 animal skin (worn)
Jewellery
 i - an amulet of the acrobat
Talismans
 c - a beast talisman (active)
 d - a flux talisman
Wands
 n - a wand of flame (6)
Scrolls
 h - 3 scrolls of identify {unknown}
 l - a scroll of enchant weapon {unknown}
 m - a scroll of silence {unknown}
Potions
 b - 2 potions of lignification
 e - a potion of heal wounds {unknown}
 f - 2 potions of curing {unknown}
 g - 2 potions of resistance {unknown}
 k - a potion of cancellation {unknown}


   Skills:
 + Level 2.6 Fighting
 + Level 2.4 Dodging
 + Level 3.2 Unarmed Combat
 + Level 3.4 Shapeshifting


You had 3 spell levels left.
You didn't know any spells.
Your spell library contained the following spells:

 Spells                   Type           Power      Damage    Failure   Level
 Inner Flame              Hex/Fire       0%         N/A       67%         3
 Flame Wave               Conj/Fire      0%         2d4       97%         4
 Sticky Flame             Conj/Fire      0%         2d3       97%         4


Dungeon Overview and Level Annotations

Branches:
Dungeon (3/15)

Altars:

Annotations:
D:3 Sigmund


Innate Abilities, Weirdness & Mutations

You are a hulking beast.
Your limbs bulge with bestial killing power. (Slay +1)
You are too large for most types of armour.
You have tough skin. (AC +1)


Message History

There is a stone staircase leading down here.
You climb downwards.
Level annotation: Sigmund The gnoll bouda shouts!
The ball python hisses angrily.
You hear a shout!
The gnoll bouda barks out a call to the hunt!
Found 8 gold pieces.
There is a stone staircase leading up here.
You shoot a sling bullet. The sling bullet hits the ball python.
The ball python seems to slow down.
The sling bullet freezes the ball python.
You kill the ball python!
A gnoll comes into view. It is wielding a +0 spear.
A gnoll comes into view. It is wielding a +0 club.
A gnoll comes into view. It is wielding a +0 spear.
The gnoll bouda hits you with a +0 whip.
The gnoll hits you but does no damage.
You shoot a sling bullet. The gnoll shouts!
The sling bullet hits the gnoll bouda but does no damage.
The gnoll bouda completely misses you.
The gnoll hits you from afar with a +0 spear.
The gnoll bouda misses you.
You shoot a sling bullet. The sling bullet hits the gnoll bouda!
The sling bullet freezes the gnoll bouda.
The gnoll bouda is severely wounded.
The gnoll hits you from afar with a +0 spear.
The gnoll bouda hits you with a +0 whip!
You shoot a sling bullet.
The sling bullet closely misses the gnoll bouda.
The sling bullet hits the gnoll!
The sling bullet freezes the gnoll.
The gnoll is almost dead.
The gnoll closely misses you.
The gnoll bouda calls upon its god to heal the gnoll.
The gnoll is healed somewhat.
The gnoll hits you from afar with a +0 spear!
* * * LOW HITPOINT WARNING * * *
The gnoll bouda completely misses you.
The gnoll bouda attacks as it pursues you!
The gnoll bouda hits you with a +0 whip!
You die...

########## #........#
#........#
#.r...<..#####...
#######.........hg.ggg...
.....S..#........#####...
.<# #......$.# ..#
#........# o.# #........#
..# #........# .o.
##...##### ..# .... ...


You could see a gnoll bouda, 3 gnolls and a quokka.

Vanquished Creatures
  2 adders (D:2)
  A worm (D:2)
  3 dart slugs
  7 ball pythons
  2 endoplasms (D:2)
  3 giant cockroaches (D:1)
  4 goblins
  3 hobgoblins (D:1)
  A kobold (D:1)
  2 quokkas (D:2)
  4 bats
  A frilled lizard (D:1)
  5 rats (D:1)
38 creatures vanquished.

Notes
Turn   | Place    | Note
-------+----------+-------------------------------------------
     0 | D:1      | Shayle the Ogre Shapeshifter began the quest for the Orb.
     0 | D:1      | Reached XP level 1. HP: 19/19 MP: 1/1
    85 | D:1      | Reached XP level 2. HP: 15/28 MP: 2/2
   602 | D:1      | Reached XP level 3. HP: 35/35 MP: 3/3
  1238 | D:2      | Reached XP level 4. HP: 44/44 MP: 4/4
  1336 | D:2      | Found a faded altar of an unknown god.
  1507 | D:3      | Noticed Sigmund
  1561 | D:3      | Slain by a gnoll bouda

Illustrated notes

Levels and vault maps discovered:
D:1:      lemuel_arrival_lava_pool, layout_basic
D:2:      layout_loops_cross, shapermc_ecumenical_altar_hornbeckon
D:3:      wander_river, layout_rooms, trog_wizard, uniq_natasha, uniq_sigmund

Skill      XL: |  1  2 |
---------------+-------+-----
Dodging        | 2 |  2.4
Fighting       | 2 |  2.6
Unarmed Combat | 3 |  3.2
Shapeshifting  | |  3.4

Action                     |  1- 3 |  4- 6 || total
---------------------------+-------+-------++-------
  Melee: Unarmed           |    43 |       ||    43
         Punch             |     1 |       ||     1
   Fire: Sling             |    31 |    20 ||    51
 Armour: Animal skin       |    29 |     7 ||    36
  Dodge: Dodged            |    26 |     8 ||    34

Table legend: (Time is in decaauts)
 A = Elapsed time spent in this place.
 B = Non-inter-level travel time spent in this place.
 C = Inter-level travel time spent in this place.
 D = Time resting spent in this place.
 E = Time spent auto-exploring this place.
 F = Levels seen in this place.
 G = Mean time per level.
                   A        B        C        D        E       F      G
               +--------+--------+--------+--------+--------+-----+--------+
         Total |   1578 |   1469 |    109 |      0 |   1234 |   3 |  526.0 |
       Dungeon |   1578 |   1469 |    109 |      0 |   1234 |   3 |  526.0 |
               +--------+--------+--------+--------+--------+-----+--------+

Top non-repeatable levels by time:
     D:1: 855 daAuts
     D:2: 710 daAuts
     D:3: 12 daAuts
